 Dungeon Crawl Stone Soup version 0.29.1-2-gbd0b4ee654 (webtiles) character file.

Game seed: 13798673752862880236

4302 safid the Skirmisher (level 10, -1/88 HPs)
             Began as a Minotaur Hunter on Oct 25, 2022.
             Was a Priest of Okawaru.
             Slain by a death yak (16 damage)
             ... on level 7 of the Dungeon.
             The game lasted 00:11:42 (6754 turns).

safid the Skirmisher (Minotaur Hunter)              Turns: 6754, Time: 00:11:42

Health: -1/88      AC:  9    Str: 15    XL:     10   Next: 11%
Magic:  11/11      EV: 13    Int:  6    God:    Okawaru [***...]
Gold:   486        SH:  0    Dex: 19    Spells: 9/9 levels left

rFire   + . .      SeeInvis .   a - +0 shortbow
rCold   . . .      Faith    .   (shield currently unavailable)
rNeg    . . .      Spirit   .   v - +1 ring mail {rF+}
rPois   +          Reflect  .   (helmet restricted)
rElec   .          Harm     .   n - +0 cloak
rCorr   .          Rampage  .   (no gloves)
Will    .....                   E - +0 pair of boots
Stlth   +.........              w - amulet of regeneration
HPRegen 1.04/turn               g - +4 ring of slaying
MPRegen 0.12/turn               r - ring of poison resistance

@: about to teleport
A: horns 2, retaliatory headbutt
a: Renounce Religion, Heroism


You were on level 7 of the Dungeon.
You worshipped Okawaru.
Okawaru was most pleased with you.
You visited 2 branches of the dungeon, and saw 9 of its levels.

You collected 486 gold pieces.

Inventory:

Hand Weapons
 a - a +0 shortbow (weapon)
Missiles
 f - 2 throwing nets
Armour
 n - a +0 cloak (worn)
 v - a +1 ring mail of fire resistance (worn)
 E - a +0 pair of boots (worn)
Jewellery
 g - a +4 ring of slaying (left hand)
 r - a ring of poison resistance (right hand)
 w - an amulet of regeneration (around neck)
Wands
 D - a wand of digging (5)
Scrolls
 b - a scroll of noise {unknown}
 e - 2 scrolls of teleportation
 k - 2 scrolls of magic mapping {unknown}
 o - a scroll of fear {unknown}
 q - 2 scrolls of amnesia {unknown}
 u - 7 scrolls of enchant weapon
 y - a scroll of silence {unknown}
 A - 2 scrolls of butterflies {unknown}
 B - a scroll of poison {unknown}
 C - 2 scrolls of blinking {unknown}
Potions
 c - 4 potions of degeneration {unknown}
 d - a potion of mutation {unknown}
 h - a potion of brilliance {unknown}
 i - 4 potions of curing
 j - a potion of cancellation {unknown}
 m - 5 potions of lignification
 p - 2 potions of heal wounds {unknown}
 s - a potion of haste
 t - a potion of resistance
 x - 2 potions of magic {unknown}
 z - a potion of might {unknown}


   Skills:
 - Level 8.0 Fighting
 + Level 13.5 Ranged Weapons
 + Level 4.1 Armour
 - Level 4.0 Dodging
 - Level 0.7 Stealth
 + Level 3.4 Invocations


You had 9 spell levels left.
You didn't know any spells.
Your spell library contained the following spells:

 Spells                   Type           Power      Damage    Failure   Level
 Freeze                   Ice            0%         1d3       67%         1
 Poisonous Vapours        Pois/Air       0%         N/A       80%         2
 Frozen Ramparts          Ice            0%         1d1       95%         3
 Gell's Gravitas          Tloc           0%         N/A       95%         3
 Inner Flame              Hex/Fire       0%         N/A       95%         3
 Lesser Beckoning         Tloc           0%         N/A       95%         3
 Teleport Other           Tloc           0%         N/A       95%         3
 Cause Fear               Hex            0%         N/A       100%        4
 Corpse Rot               Necr/Pois/Air  0%         N/A       100%        4
 Hailstorm                Conj/Ice       0%         3d3       100%        4
 Discord                  Hex            0%         N/A       100%        8


Dungeon Overview and Level Annotations

Branches:
Dungeon (8/15)             Temple (1/1) D:5            Lair (0/5) D:8

Altars:
Ashenzari
Cheibriados
Dithmenos
Fedhas
Gozag
Hepliaklqana
Makhleb
Nemelex Xobeh
Okawaru
Qazlal
Ru
Sif Muna
Trog
Uskayaw
Vehumet
Wu Jian
Xom
Yredelemnul
Zin
The Shining One


Innate Abilities, Weirdness & Mutations

You have a pair of horns on your head.
You reflexively headbutt those who attack you in melee.


Message History

HP restored.
Found a rapier.
Things that are here:
a +0 dagger; a +0 robe
Things that are here:
a +0 dagger; a +0 robe
Items here: )) [ ††.
A death yak is nearby!
The death yak bellows!
There is a stone staircase leading up, spattered with blood here.
You shoot an arrow.
The arrow hits the death yak but does no damage.
The death yak gores you!
You climb upwards.
There is a stone staircase leading down, spattered with blood here.
You shoot an arrow. The arrow hits the death yak!
The death yak is lightly wounded.
The death yak gores you but does no damage.
You shoot an arrow.
The arrow hits the death yak but does no damage.
The death yak is lightly wounded.
The death yak gores you!
You shoot an arrow. The arrow hits the death yak.
The death yak is lightly wounded.
The death yak gores you!
You shoot an arrow. The arrow hits the death yak.
The death yak is moderately wounded.
The death yak gores you!
You are too injured to fight recklessly!
You are too injured to fight recklessly!
Fire: a) +0 shortbow
Press: ? - help, Q - select action, (/) - cycle Shift-Dir - straight line, f/p - death yak
Aim: a death yak (lightly wounded, 85% to hit)
You shoot an arrow. The arrow hits the death yak.
The death yak is moderately wounded.
The death yak gores you!!
* * * LOW HITPOINT WARNING * * *
As you read the scroll of teleportation, it crumbles to dust.
You feel strangely unstable. The death yak gores you!
You die...

.#.....# #.###.#.## # .#.....#
#.###...# # .......# #.##...## #
##.....# #.##..## #
#####.###########)##..# #
#.#.........#.##..# #
######.........#.#.##..# #
.....###.#<.##...#.....##########
.###.# #.##.###Y@..###..........#
.# #.# #.##.####.### ##########.#
.# #.# #.##......# #.# .# #.#
#.######### #.# ## #.# #.# #.#
#.# #.# #.# #.# #.# #.# #.# #.#
#.# #.# #.# #.#


You could see a death yak.

Vanquished Creatures
  2 death yaks (D:7)
  Eustachio (D:4)
  A water moccasin (D:8)
  3 black bears
  2 sky beasts (D:7)
  An orc warrior (D:8)
  3 ogres
  A centaur (D:7)
  A phantom (D:5)
  2 kobold brigands (D:8)
  3 scorpions
  2 bullfrogs
  2 gnoll sergeants (D:6)
  4 wights (D:6)
  5 killer bees (D:7)
  4 howler monkeys
  3 hounds
  3 jellies
  2 orc priests
  4 iguanas
  4 orc wizards (D:8)
  8 adders
  18 gnolls
  2 shadow imps
  3 dart slugs
  13 orcs
  7 ball pythons
  2 endoplasms
  2 giant cockroaches
  7 goblins
  12 hobgoblins
  8 jackals
  14 kobolds
  5 quokkas
  6 bats
  7 frilled lizards
  3 rats
170 creatures vanquished.

Vanquished Creatures (others)
  3 plants (D:3)
3 creatures vanquished.

Grand Total: 173 creatures vanquished

Notes
Turn   | Place    | Note
-------+----------+-------------------------------------------
     0 | D:1      | safid the Minotaur Hunter began the quest for the Orb.
     0 | D:1      | Reached XP level 1. HP: 18/18 MP: 0/0
   129 | D:1      | Reached XP level 2. HP: 21/25 MP: 1/1
   730 | D:1      | Reached skill level 5 in Ranged Weapons
   730 | D:1      | Reached XP level 3. HP: 31/31 MP: 2/2
  1120 | D:2      | Found a snail-covered altar of Cheibriados.
  1346 | D:2      | Found a faded altar of an unknown god.
  1709 | D:3      | Found a broken altar of Ashenzari.
  1736 | D:3      | Reached XP level 4. HP: 40/40 MP: 3/3
  2148 | D:3      | Reached XP level 5. HP: 46/47 MP: 4/4
  2830 | D:4      | Noticed Eustachio
  2851 | D:4      | Killed Eustachio
  2852 | D:4      | Reached skill level 5 in Fighting
  2852 | D:4      | Reached skill level 6 in Ranged Weapons
  2852 | D:4      | Reached XP level 6. HP: 27/57 MP: 5/5
  3826 | D:5      | Entered Level 5 of the Dungeon
  3889 | D:4      | Reached skill level 7 in Ranged Weapons
  4041 | D:5      | Reached XP level 7. HP: 53/64 MP: 4/6
  4206 | D:5      | Reached skill level 8 in Ranged Weapons
  4268 | D:5      | Reached XP level 8. HP: 68/74 MP: 7/7
  4276 | D:5      | Found a staircase to the Ecumenical Temple.
  4283 | Temple   | Entered the Ecumenical Temple
  4455 | Temple   | Became a worshipper of Warmaster Okawaru
  4498 | D:5      | Reached skill level 9 in Ranged Weapons
  4503 | D:5      | Found a sparkling altar of Nemelex Xobeh.
  4947 | D:6      | Reached skill level 10 in Ranged Weapons
  4951 | D:6      | Reached * piety under Okawaru
  5091 | D:6      | Reached skill level 11 in Ranged Weapons
  5215 | D:6      | Reached ** piety under Okawaru
  5219 | D:6      | Reached XP level 9. HP: 72/81 MP: 8/8
  5564 | D:7      | Reached skill level 12 in Ranged Weapons
  6210 | D:8      | Found a staircase to the Lair.
  6210 | D:8      | Noticed a death yak
  6210 | D:8      | Noticed a death yak
  6210 | D:8      | Noticed a death yak
  6211 | D:8      | Noticed a death yak
  6240 | D:7      | Killed a death yak
  6240 | D:7      | Reached *** piety under Okawaru
  6241 | D:7      | Reached skill level 13 in Ranged Weapons
  6466 | D:8      | Noticed a death yak
  6466 | D:8      | Noticed a death yak
  6497 | D:7      | Killed a death yak
  6497 | D:7      | Received a gift from Okawaru
  6498 | D:7      | Reached XP level 10. HP: 38/88 MP: 9/11
  6754 | D:7      | Slain by a death yak

Illustrated notes

Levels and vault maps discovered:
D:1:      dpeg_arrival_another_circle, layout_loops_ring, minmay_misc_feat_cross
D:2:      layout_basic, dreamdust_ecumenical_altar_angels_and_demons,
          basic_altar
D:3:      wad_woods_settlement, layout_basic, mainiacjoe_overflow_tiny_flanked
D:4:      layout_gridville, kennysheep_generic_room_16, uniq_eustachio
D:5:      layout_rooms, mainiacjoe_overflow_surrounded_room,
          minmay_temple_entry_enclosed_plants, minmay_fractal_squares_diagonal_5
D:6:      layout_cave_pools, sigmund_army
D:7:      layout_basic, nicolae_zen_rock_garden
D:8:      layout_loops_ring, dpeg_lair_monsters
Temple:   regret_index_temple_mists

Skill      XL: |  1  2  3  4  5  6  7  8  9 10 |
---------------+-------------------------------+-----
Fighting       | 3 4 5 6 8 |  8.0
Ranged Weapons | 5 6 7 8 11 13 | 13.5
Armour         | 3 4 |  4.1
Dodging        | 4 |  4.0
Invocations    | 3 |  3.4
Stealth        | |  0.7

Action                   |  1- 3 |  4- 6 |  7- 9 | 10-12 || total
-------------------------+-------+-------+-------+-------++-------
Melee: Shortbow          |       |       |     2 |       ||     2
 Fire: Shortbow          |   141 |   122 |   294 |    29 ||   586
  Use: Scroll            |       |       |     6 |     1 ||     7
Armor: Leather armour    |    19 |     9 |       |       ||    28
       Ring mail         |       |    23 |    52 |     5 ||    80
Dodge: Dodged            |    38 |    61 |   104 |     6 ||   209
